 Dungeon Crawl Stone Soup version 0.27.1-1-g398f81649c (webtiles) character file.

Game seed: 15318474776200004253

126 H0rd4k the Insei (level 5, -1/33 HPs)
             Began as an Octopode Transmuter on Sept 22, 2021.
             Killed from afar by an orc wizard (8 damage)
             ... with a magic dart
             ... on level 3 of the Dungeon.
             The game lasted 00:03:25 (3622 turns).

H0rd4k the Insei (Octopode Transmuter)              Turns: 3622, Time: 00:03:25

Health: -1/33      AC:  1    Str:  9    XL:     5   Next: 10%
Magic:  6/9        EV: 13    Int: 17    God:
Gold:   73         SH:  0    Dex: 12    Spells: 3/9 levels left

rFire    . . .     SeeInvis .     - Unarmed
rCold    . . .     Faith    .   (no shield)
rNeg     . . .     Spirit   .   (helmet restricted)
rPois    .         Reflect  .   (no amulet)
rElec    .         Harm     .   (no ring)
rCorr    .         Rampage  .   (no ring)
Will     .....                  (no ring)
Stlth    ++........             (no ring)
HPRegen  0.11/turn              (no ring)
MPRegen  0.11/turn              (no ring)
                                (no ring)
                                (no ring)

@: no status effects
A: almost no armour, amphibious, 8 rings, camouflage 1, gelatinous body 1,
(nimble swimmer 1), tentacles
a: no special abilities


You were on level 3 of the Dungeon.
You visited 1 branch of the dungeon, and saw 3 of its levels.

You collected 73 gold pieces.

Inventory:

Jewellery
 c - an amulet of guardian spirit
Scrolls
 a - 2 scrolls of teleportation {unknown}
Potions
 b - a potion of curing {unknown}


   Skills:
 + Level 1.1 Fighting
 + Level 2.6 Dodging
 + Level 4.0 Unarmed Combat
 * Level 2.9 Spellcasting
 * Level 2.9 Transmutations


You had 3 spell levels left.
You knew the following spells:

 Your Spells              Type           Power      Damage    Failure   Level
a - Beastly Appendage     Tmut           24%        N/A       5%          1
b - Spider Form           Tmut/Pois      3%         N/A       28%         3
c - Poisonous Vapours     Pois/Air       4%         N/A       26%         2

Your spell library contained the following spells:

 Spells                   Type           Power      Damage    Failure   Level
 Wereblood                Tmut           12%        N/A       8%          2
 Sting                    Tmut/Pois      28%        1d4       10%         1
 Summon Small Mammal      Summ           8%         N/A       19%         1
 Call Canine Familiar     Summ           2%         N/A       47%         3
 Summon Guardian Golem    Hex/Summ       2%         N/A       47%         3
 Ice Form                 Ice/Tmut       7%         N/A       67%         4
 Olgreb's Toxic Radiance  Pois           2%         N/A       86%         4


Dungeon Overview and Level Annotations

Branches:
Dungeon (3/15)

Altars:
Sif Muna

Shops:
D:3 =


Innate Abilities, Weirdness & Mutations

You cannot wear most types of armour.
You are amphibious.
You can wear up to eight rings at the same time.
Your skin changes colour to match your surroundings (Stealth+).
Your rubbery body absorbs attacks. (AC +1, EV +1)
((You are camouflaged near water. (Stealth+)))
You have tentacles for arms and can constrict up to eight enemies at once.


Message History

The orc completely misses you.
You hit the orc but do no damage.
The orc looks as sick as possible!
The orc is almost dead.
Your transformation is almost over.
You kill the orc!
The orc priest mumbles some strange prayers to Beogh against you.
Beogh smites you!
Ouch! That really hurt!
A magic dart appears from out of thin air!
The magic dart hits you.
* * * LOW HITPOINT WARNING * * *
The orc priest completely misses you.
Things that are here:
a +0 dagger; a +0 ring mail; an orc corpse You hit the orc priest.
The orc priest is poisoned.
The orc priest is moderately wounded.
The orc priest barely misses you.
You hit the orc priest.
The orc priest is severely wounded.
The orc priest looks encouraged for a moment.
You see here a rat corpse.
You closely miss something. Something barely misses you.
You barely miss something.
You kill the orc priest!
Something hits you.
* * * LOW HITPOINT WARNING * * *
Your Unarmed Combat skill increases to level 4!
You have reached level 5!
You feel clever.
You hit something. Something completely misses you.
You closely miss something.
Your transformation has ended.
Something hits you.
* * * LOW HITPOINT WARNING * * *
You tentacle-slap something. Something completely misses you.
You miss something.
You hear some strange, mumbled words.
A magic dart appears from out of thin air!
The magic dart hits you!
You die...

..################
>...^........o...#
.####.##########o#
.# #o# #{# .o###.#
#####@# .lo{#o#
#...#.# #.#.#.#
###...#.# ..o.o.#
#.......# #.#.###
#.......# ....#
#.......# #.###
###...### #. #.†.#
# ##.##


You could see an orc.

Vanquished Creatures
  An orc priest (D:3)
  A gnoll (D:2)
  2 adders (D:2)
  3 adder skeletons (D:2)
  A worm (D:2)
  A dart slug (D:2)
  An orc (D:3)
  A bat zombie (D:2)
  7 endoplasms
  A giant cockroach (D:3)
  4 hobgoblins (D:2)
  3 jackals (D:2)
  5 ball pythons
  6 bats
  2 frilled lizards
  A giant cockroach zombie (D:2)
  5 goblins
  6 kobolds (D:1)
  3 rats
54 creatures vanquished.

Notes
Turn   | Place    | Note
-------+----------+-------------------------------------------
     0 | D:1      | H0rd4k the Octopode Transmuter began the quest for the Orb.
     0 | D:1      | Reached XP level 1. HP: 13/13 MP: 3/3
   648 | D:1      | Reached XP level 2. HP: 18/18 MP: 5/5
  1325 | D:1      | Found a faded altar of an unknown god.
  1336 | D:1      | Reached XP level 3. HP: 18/23 MP: 6/6
  2260 | D:2      | Reached XP level 4. HP: 22/28 MP: 7/7
  2270 | D:2      | Learned a level 3 spell: Spider Form
  2273 | D:2      | Learned a level 2 spell: Poisonous Vapours
  2577 | D:2      | Found a shimmering blue altar of Sif Muna.
  3542 | D:3      | Found Kyxirex's Jewellery Shop.
  3619 | D:3      | Reached skill level 4 in Unarmed Combat
  3619 | D:3      | Reached XP level 5. HP: 8/33 MP: 6/9
  3622 | D:3      | Killed from afar by an orc wizard

Illustrated notes

Levels and vault maps discovered:
D:1:      giann_wishing_wells, layout_loops_ring, basic_ecumenical_altar
D:2:      layout_basic, serial_undead, serial_undead_a, serial_undead_f,
          serial_undead_c, serial_undead_b, basic_altar
D:3:      layout_loops_ring, serial_shops, nicolae_shop_statue_plus

Skill      XL: |  1  2  3  4 |
---------------+-------------+-----
Unarmed Combat | 4 |  4.0
Fighting       | |  1.1
Dodging        | |  2.6
Spellcasting   | |  2.9
Transmutations | |  2.9

Action                   |  1- 3 |  4- 6 || total
-------------------------+-------+-------++-------
Melee: Unarmed           |    95 |    44 ||   139
       Constrict         |    25 |     5 ||    30
       Tentacles         |    16 |     4 ||    20
       Punch             |     5 |       ||     5
 Cast: Spider Form       |       |     2 ||     2
 Stab: Sleeping          |     5 |     2 ||     7
Armor: Skin              |    13 |     2 ||    15
Dodge: Dodged            |    69 |    24 ||    93
